 Dungeon Crawl Stone Soup version 0.24.0-123-gd5b16e6ec5 (webtiles) character file.

Game seed: 14224648531911001217, levelgen mode: deterministic

2648 mortelune the Carver (level 9, -3/72 HPs)
             Began as a Formicid Abyssal Knight on Dec 21, 2019.
             Was an Elder of Lugonu.
             Slain by an orc warrior
             ... wielding a +0 scimitar
              (20 damage)
             ... on level 7 of the Dungeon.
             The game lasted 00:19:51 (9154 turns).

mortelune the Carver (Formicid Abyssal Knight)      Turns: 9154, Time: 00:19:51

Health: -3/72      AC: 15    Str: 19    XL:     9   Next: 93%
Magic:  13/13      EV:  7    Int: 13    God:    Lugonu [****..]
Gold:   397        SH: 10    Dex: 10    Spells: 8/8 levels left

rFire    . . .     SeeInvis +   F - +0 scimitar
rCold    . . .     Gourm    .   g - +0 shield
rNeg     + . .     Faith    .   f - +0 plate armour
rPois    +         Spirit   .   (helmet unavailable)
rElec    .         Reflect  +   (no cloak)
rCorr    .         Harm     .   (no gloves)
MR       .....                  b - +1 pair of boots
Stlth    ..........             r - +3 amulet of reflection
HPRegen  0.22/turn              j - +4 ring of evasion
MPRegen  0.13/turn              d - ring of Idealism {rPois rN+}

@: no status effects
A: permanent stasis, dig shafts and tunnels, four strong arms, antennae 3
a: Dig, Shaft Self, Depart the Abyss, Bend Space, Banish, Corrupt, Renounce
Religion


You were on level 7 of the Dungeon.
You worshipped Lugonu.
Lugonu was greatly pleased with you.
You were not hungry.

You visited 1 branch of the dungeon, and saw 7 of its levels.
You visited the Abyss 1 time.

You collected 447 gold pieces.
You spent 50 gold pieces at shops.

Inventory:

Hand Weapons
 a - a +2 falchion
 u - a +0 morningstar
 F - a +0 scimitar (weapon)
Missiles
 q - 4 boomerangs (quivered)
Armour
 b - a +1 pair of boots (worn)
 f - a +0 plate armour (worn)
 g - a +0 shield (worn)
Jewellery
 d - the ring of Idealism (right hand) {rPois rN+}
   (You found it on level 4 of the Dungeon)

   [ring of poison resistance]

   It protects you from poison.
   It protects you from negative energy.
 j - a +4 ring of evasion (left hand)
 k - an uncursed ring of protection from magic
 n - an uncursed ring of flight
 r - a +3 amulet of reflection (around neck)
 t - an uncursed amulet of regeneration {unknown}
 y - a cursed amulet of regeneration {unknown}
 C - an uncursed amulet of faith {unknown}
 D - an uncursed ring of fire
Wands
 v - a wand of iceblast (7)
Scrolls
 l - 4 scrolls of remove curse
 p - 3 scrolls of enchant weapon
 x - a scroll of fear
 B - a scroll of identify
 E - a scroll of noise {unknown}
Potions
 e - 3 potions of might
 h - 5 potions of curing
 i - 2 potions of brilliance
 m - a potion of lignification
 o - a potion of resistance
 s - 3 potions of heal wounds {unknown}
 w - 2 potions of magic {unknown}
 z - a potion of degeneration {unknown}
Comestibles
 c - 11 rations
 A - a chunk of flesh


   Skills:
 + Level 7.5 Fighting
 * Level 8.4 Long Blades
 + Level 7.0 Armour
 - Level 0.8 Dodging
 + Level 5.9 Invocations


You had 8 spell levels left.
You didn't know any spells.
Your spell library was empty.

Dungeon Overview and Level Annotations

Branches:
Dungeon (7/15)             Temple (0/1) D:4

Altars:
Ashenzari
Cheibriados
Dithmenos
Gozag
Hepliaklqana
Sif Muna
Wu Jian

Shops:
D:4 *

Annotations:
Abyss:1 Prince Ribbit


Innate Abilities, Weirdness & Mutations

You cannot be hasted, slowed, berserked, paralysed or teleported.
You can dig through walls and to a lower floor.
Your four strong arms can wield two-handed weapons with a shield.
You have a pair of large antennae on your head. (SInv)


Message History

The orc warrior is severely wounded.
The orc warrior hits you with a +0 scimitar.
You closely miss the orc warrior.
The orc warrior is severely wounded.
You block the orc warrior's attack.
You slash the orc warrior!
The orc warrior is almost dead.
You block the orc warrior's attack.
Your shield and plate armour prevent you from hitting the orc warrior.
The orc warrior is almost dead.
The orc warrior hits you with a +0 scimitar!
* * * LOW HITPOINT WARNING * * *
You hit the orc warrior but do no damage.
The orc warrior is almost dead.
The orc warrior closely misses you.
You riposte.
You hit the orc warrior.
The orc warrior is almost dead.
You hit the orc warrior but do no damage.
The orc warrior is almost dead.
The orc warrior hits you with a +0 scimitar!!
You die...

..#P.##''# #.##.###..........#.##
#'#......###.##.###............#
)........##..##)..#............##
.........#.P.#.##.#..............
(.........P.♣.#.#.##..........#.#
.##'#..P...♣P♣P♣)###............#
(#..#......P♣♣♣..# #####.###..###
.#..#......♣.♣...# #.# #..)..
.####.......♣♣.♣@# #.# ##.)[.
.............###o#######.# #####
.......P...P##.'###......#
≈...........#.§$#≈########
≈≈≈....≈≈≈..##.##≈#
≈≈≈≈≈≈≈≈≈≈≈≈≈###
≈≈≈≈≈≈≈≈≈≈≈≈≈≈≈≈≈≈#
###################


You could see an orc warrior.

Vanquished Creatures
  2 orc warriors (D:7)
  An ice beast (D:6)
  A phantom (D:5)
  6 ogres
  2 centaurs
  A big kobold (D:7)
  A bullfrog (D:6)
  A howler monkey (D:7)
  A crimson imp (D:5)
  A bullfrog zombie (D:5)
  2 hounds
  3 jellies
  2 orc priests
  A centaur skeleton (D:4)
  3 bullfrog skeletons
  4 gnoll shamans (D:7)
  Ijyb (D:5)
  An iguana (D:4)
  8 orc wizards
  5 worker ants
  2 hound skeletons
  9 gnolls
  A howler monkey skeleton (D:3)
  8 adders
  2 shadow imps
  6 worms
  2 dart slugs
  7 leopard geckos
  36 orcs
  6 bats
  6 giant cockroaches
  5 goblins
  8 hobgoblins
  16 jackals
  3 quokkas
  5 ball pythons
  3 frilled lizards
  11 kobolds
  A quokka skeleton (D:5)
  10 rats
194 creatures vanquished.

Vanquished Creatures (others)
  An ogre (D:7)
  2 orcs (D:5)
  6 fungi (D:7)
  A plant (D:7)
10 creatures vanquished.

Grand Total: 204 creatures vanquished

Notes
Turn   | Place    | Note
-------+----------+-------------------------------------------
     0 | Abyss:1  | mortelune the Formicid Abyssal Knight began the quest for
                  | the Orb.
     0 | Abyss:1  | Reached XP level 1. HP: 18/18 MP: 2/2
    68 | Abyss:1  | Noticed a thrashing horror
    69 | D:1      | Escaped the Abyss
   135 | D:1      | Reached XP level 2. HP: 21/24 MP: 3/3
   348 | D:1      | Reached * piety under Lugonu
   475 | D:1      | Reached XP level 3. HP: 30/30 MP: 4/4
   847 | D:1      | Reached ** piety under Lugonu
  1124 | D:2      | Reached XP level 4. HP: 36/37 MP: 5/5
  1431 | D:2      | Reached skill level 3 in Long Blades
  1431 | D:2      | Reached XP level 5. HP: 33/42 MP: 6/6
  1859 | D:2      | Found a faded altar of an unknown god.
  2412 | D:3      | Reached XP level 6. HP: 42/49 MP: 7/7
  2766 | D:3      | Found a shadowy altar of Dithmenos.
  2871 | D:3      | Reached skill level 4 in Long Blades
  2874 | D:3      | Reached *** piety under Lugonu
  3419 | D:4      | Got a steaming ivory ring
  3429 | D:4      | Identified the ring of Idealism {rPois rN+} (You found it
                  | on level 4 of the Dungeon)
  3496 | D:4      | Reached skill level 5 in Fighting
  3500 | D:4      | Found a staircase to the Ecumenical Temple.
  3699 | D:4      | Found Fashruis's General Store.
  3713 | D:4      | Bought a scroll of identify for 20 gold pieces
  3713 | D:4      | Bought a potion of curing for 30 gold pieces
  3803 | D:4      | Reached XP level 7. HP: 56/56 MP: 8/8
  4042 | D:4      | Reached skill level 5 in Long Blades
  4421 | D:5      | Entered Level 5 of the Dungeon
  4496 | D:5      | Reached skill level 5 in Armour
  4647 | D:5      | Noticed Ijyb
  4718 | D:5      | Killed Ijyb
  4726 | D:5      | Reached XP level 8. HP: 42/64 MP: 9/9
  4861 | D:5      | Found a snail-covered altar of Cheibriados.
  5157 | D:5      | Reached **** piety under Lugonu
  5255 | D:5      | Reached skill level 6 in Long Blades
  6260 | D:6      | Noticed Prince Ribbit
  6265 | D:6      | Banished Prince Ribbit
  6299 | D:6      | Reached skill level 7 in Long Blades
  6299 | D:6      | Reached XP level 9. HP: 45/71 MP: 7/12
  6662 | D:6      | Found a hazy altar of Hepliaklqana.
  6662 | D:6      | Found a faded altar of an unknown god.
  6667 | D:6      | Found a shimmering blue altar of Sif Muna.
  6669 | D:6      | Found an opulent altar of Gozag.
  6671 | D:6      | Found an ornate altar of the Wu Jian Council.
  7606 | D:7      | Found a shattered altar of Ashenzari.
  7658 | D:7      | Reached skill level 5 in Invocations
  8251 | D:7      | Reached skill level 8 in Long Blades
  9154 | D:7      | Slain by an orc warrior

Levels and vault maps discovered:
D:1:      dpeg_arrival_more_subterranean_lakeside_camping, layout_loops_ring
D:2:      layout_rooms, chequers_ecumenical_altar_twisty
D:3:      layout_basic, lemuel_round_altar, kennysheep_pointless_box
D:4:      layout_basic, minmay_temple_entry_trees, first_ration, serial_shops,
          shop_coins, hangedman_abyss_or_decor_stagger, minmay_misc_feat_five
D:5:      layout_rooms, slow_altar_1, serial_bayou_lagoon_a, uniq_ijyb
D:6:      lemuel_ice_spiral_2, layout_rooms,
          chequers_temple_overflow_minitemple, grunt_ministairs_15,
          uniq_prince_ribbit1
D:7:      kennysheep_seaside_town, layout_loops_ring,
          ashenzari_conservatory_becter

Skill      XL: |  1  2  3  4  5  6  7  8  9 |
---------------+----------------------------+-----
Armour         | 3 4 5 6 7 |  7.0
Fighting       | 4 5 6 7 |  7.5
Long Blades    | 3 4 5 7 8 |  8.4
Invocations    | 4 5 |  5.9
Dodging        | |  0.8

Action                   |  1- 3 |  4- 6 |  7- 9 || total
-------------------------+-------+-------+-------++-------
Melee: Falchion          |   127 |   276 |   439 ||   842
       Long sword        |       |       |   158 ||   158
       Scimitar          |       |       |    51 ||    51
Throw: Boomerang         |       |       |    24 ||    24
Invok: Depart the Abyss  |     1 |       |       ||     1
       Banish            |       |       |     3 ||     3
 Abil: Dig               |     1 |     1 |     5 ||     7
Evoke: Wand              |       |       |     1 ||     1
  Use: Scroll            |       |    10 |     3 ||    13
       Potion            |       |     3 |       ||     3
  Eat: Chunk             |     1 |     9 |    10 ||    20
       Ration            |       |       |     3 ||     3
Armor: Plate armour      |   101 |   155 |   289 ||   545
Dodge: Dodged            |    36 |   109 |   151 ||   296
Block: Other             |       |    35 |       ||    35
       Shield            |       |    15 |   327 ||   342
       Reflection        |       |       |    14 ||    14
       Rpst.: Falchion   |     8 |    35 |    31 ||    74
       Long sword        |       |       |    14 ||    14
       Scimitar          |       |       |     6 ||     6
